 Dungeon Crawl Stone Soup version 0.25-a0-294-gea9b1ad378 (webtiles) character file.

Game seed: 16887441530487145128, levelgen mode: classic

23 Borgoz the Slasher (level 2, -1/18 HPs)
             Began as a Gargoyle Gladiator on Dec 19, 2019.
             Slain by a gnoll
             ... wielding a +0 halberd
              (6 damage)
             ... on level 2 of the Dungeon.
             The game lasted 00:00:43 (649 turns).

Borgoz the Slasher (Gargoyle Gladiator)              Turns: 649, Time: 00:00:43

Health: -1/18      AC:  7    Str: 17    XL:     2   Next: 95%
Magic:  2/2        EV: 12    Int:  8    God:
Gold:   57         SH:  0    Dex: 11    Spells: 1/1 levels left

rFire    . . .     SeeInvis .   a - +0 long sword
rCold    . . .     Gourm    .   (no shield)
rNeg     + . .     Faith    .   b - +0 leather armour
rPois    ∞         Spirit   .   c - +0 helmet
rElec    +         Reflect  .   (no cloak)
rCorr    .         Harm     .   (no gloves)
MR       .....                  (no boots)
Stlth    +.........             (no amulet)
HPRegen  0.06/turn              (no ring)
MPRegen  0.08/turn              (no ring)

@: no status effects
A: negative energy resistance 1, electricity resistance, unbreathing,
petrification resistance, rot immunity, AC +2
a: no special abilities


You were on level 2 of the Dungeon.
You were not hungry.

You visited 1 branch of the dungeon, and saw 2 of its levels.

You collected 57 gold pieces.

Inventory:

Hand Weapons
 a - a +0 long sword (weapon)
Missiles
 d - 3 throwing nets (quivered)
Armour
 b - a +0 leather armour (worn)
 c - a +0 helmet (worn)
Scrolls
 e - 2 scrolls of identify {unknown}
 g - 2 scrolls of teleportation {unknown}
 h - 3 scrolls of remove curse {unknown}
 j - a scroll of enchant armour {unknown}
Potions
 k - a potion of heal wounds {unknown}
Comestibles
 f - a ration
 i - a chunk of flesh


   Skills:
 + Level 2.6 Fighting
 + Level 3.0 Long Blades
 - Level 1.7 Throwing
 + Level 1.1 Armour
 + Level 2.6 Dodging


You had one spell level left.
You didn't know any spells.
Your spell library was empty.

Dungeon Overview and Level Annotations

Branches:
Dungeon (2/15)

Altars:


Innate Abilities, Weirdness & Mutations

You are resistant to torment.
Your stone body is resilient. (AC +2)
You are immune to poison.
You resist negative energy. (rN+)
You are resistant to electric shocks. (rElec)
You can survive without breathing.
You are immune to petrification.
You are immune to rotting.


Message History

A gnoll comes into view. It is wielding a +0 halberd.
You closely miss the rat.
The gnoll shouts!
The gnoll closely misses you. The rat misses you. The rat closely misses you.
You hit the rat.
You kill the rat!
The gnoll misses you. The gnoll hits you with a +0 halberd.
A gnoll comes into view. It is wielding a +0 spear.
Found 10 gold pieces.
Unknown command.
The gnoll shouts!
You hit the gnoll.
The gnoll is lightly wounded.
The gnoll closely misses you. The gnoll hits you with a +0 flail!
* * * LOW HITPOINT WARNING * * *
You are too injured to fight recklessly!
You are too injured to fight recklessly!
The gnoll hits you from afar with a +0 halberd.
You die...

..... ...) ...###
.r. .## #####..
$..### .....
......
#..###...###
.###.<.#.$....$
#.....#@....####
#...............
.........gg(.####
##........g..#
##...#.#....#
#####.##$#.# #.
...g #. .....
#...##


You could see 4 gnolls.

Vanquished Creatures
  2 bats (D:1)
  6 giant cockroaches
  4 goblins (D:1)
  2 hobgoblins (D:1)
  2 kobolds (D:1)
  A frilled lizard (D:1)
  A rat (D:2)
18 creatures vanquished.

Notes
Turn   | Place    | Note
-------+----------+-------------------------------------------
     0 | D:1      | Borgoz the Gargoyle Gladiator began the quest for the Orb.
     0 | D:1      | Reached XP level 1. HP: 12/12 MP: 1/1
   171 | D:1      | Reached XP level 2. HP: 16/18 MP: 2/2
   293 | D:1      | Reached skill level 1 in Armour
   644 | D:2      | Reached skill level 3 in Long Blades
   649 | D:2      | Slain by a gnoll

Levels and vault maps discovered:
D:1:      dpeg_arrival_castle, layout_loops_cross
D:2:      layout_loops_ring, chequers_ecumenical_altar_island,
          chequers_serial_rivers_room_b

Skill      XL: |  1  2 |
---------------+-------+-----
Armour         | 1 |  1.1
Long Blades    | 3 |  3.0
Fighting       | |  2.6
Throwing       | |  1.7
Dodging        | |  2.6

Action                   || total
-------------------------++-------
Melee: Long sword        ||    47
 Stab: Sleeping          ||     1
Armor: Leather armour    ||    13
Dodge: Dodged            ||    49
       Rpst.: Long sword ||    17

Table legend:
 A = Non-vault XP
 B = Vault XP
 C = Vault XP percentage of total XP
 D = Non-vault monster count
 E = Vault monster count
 F = Vault count percentage of total count
                 A         B        C        D         E       F
            +---------+---------+-------+---------+---------+-------
      Total |      33 |       0 |   0.0 |      18 |       0 |   0.0
            +---------+---------+-------+---------+---------+-------
        D:1 |      30 |       0 |   0.0 |      16 |       0 |   0.0
        D:2 |       3 |       0 |   0.0 |       2 |       0 |   0.0
            +---------+---------+-------+---------+---------+-------
